 Dungeon Crawl Stone Soup version 0.17-a0-1397-g0eee0a3 (webtiles) character file.

51 wotan the Ruffian (level 3, -5/31 HPs)
             Began as a Ghoul Monk on June 17, 2015.
             Slain by an iguana (8 damage)
             ... on level 2 of the Dungeon.
             The game lasted 00:04:24 (1406 turns).

wotan the Ruffian (Ghoul Monk)                      Turns: 1406, Time: 00:04:24

Health: -5/31      AC:  6    Str: 14    XL:     3   Next: 83%
Magic:  2/2        EV: 11    Int:  5    God:
Gold:   100        SH:  0    Dex: 12    Spells: 0 memorised, 2 levels left

rFire  . . .     SeeInvis .       - Unarmed
rCold  + . .     Clarity  .     j - +0 ring mail
rNeg   + + +     SustAt   .     (no shield)
rPois  ∞         Gourm    .     (no helmet)
rElec  .         Spirit   .     d - +0 cloak
rCorr  .         Warding  .     (no gloves)
rMut   .         Stasis   .     (no boots)
MR     .....                    (no amulet)
Stlth  +.........               (no ring)
                                (no ring)

@: rotting, not resistant to hostile enchantments, very unstealthy
A: rotting body, claws 1, carnivore 3, cold resistance 1, negative energy
resistance 3, slow healing 1, torment resistance, unbreathing
a: no special abilities


You were on level 2 of the Dungeon.
You were not hungry.

You visited 1 branch of the dungeon, and saw 3 of its levels.

You collected 100 gold pieces.

Inventory:

Armour
 a - a +0 robe
 d - a +0 cloak (worn)
 i - a +0 buckler
 j - a +0 ring mail (worn)
Scrolls
 k - a scroll of fog {unknown}
Potions
 c - a potion of ambrosia {unknown}
 e - 2 potions of heal wounds
 f - a potion of curing {unknown}
 g - a potion of invisibility {unknown}
 h - a potion of cancellation {unknown}
Comestibles
 b - 2 meat rations


   Skills:
 - Level 3.2 Fighting
 - Level 0.3 Armour
 - Level 2.8 Dodging
 - Level 2.2 Stealth
 + Level 5.7 Unarmed Combat


You had 2 spell levels left.
You didn't know any spells.

Dungeon Overview and Level Annotations

Branches:
Dungeon (3/15)

Altars:


Innate Abilities, Weirdness & Mutations

Your body is rotting away.
You thrive on raw meat.
You are immune to poison.
You have sharp fingernails.
You are carnivorous and can eat meat at any time.
Your flesh is cold resistant.
You are immune to negative energy.
You heal slowly when monsters are visible.
You are immune to unholy pain and torment.
You can survive without breathing.


Message History

The iguana begins to bleed from its wounds!
The iguana is heavily wounded.
The iguana closely misses you.
You scratch the iguana but do no damage.
The iguana is heavily wounded.
The iguana bites you.
You scratch the iguana.
The iguana is severely wounded.
The iguana bites you but does no damage.
You scratch the iguana but do no damage.
The iguana is severely wounded.
The iguana bites you.
You barely miss the iguana.
The iguana is severely wounded.
The iguana bites you!
* * * LOW HITPOINT WARNING * * *
You barely miss the iguana.
The iguana is severely wounded.
The iguana bites you!
You die...

#...........## ...........#######
### .................####.##
#####.#.###....#..##...##########
....#.#.###..####................
###...#.....## ##............###
...#.....#.## ##.........#####
<......#...#####)........##
..##.#..........@l......########
..÷............................#
.#÷.........#########.##########
..............# ###
............#.##
........>......#### #####
........#.##......## ###....
..........###.###..########......
............#.####.....(.........


You could see an iguana (bleeding).

Vanquished Creatures
  An adder (D:2)
  2 oozes (D:2)
  A giant gecko (D:2)
  3 bats
  2 giant cockroaches (D:1)
  2 hobgoblins (D:1)
  3 jackals (D:1)
  3 giant newts
  5 goblins
  4 kobolds
  7 rats (D:1)
33 creatures vanquished.

Notes
Turn   | Place    | Note
--------------------------------------------------------------
     0 | D:1      | wotan the Ghoul Monk began the quest for the Orb.
     0 | D:1      | Reached XP level 1. HP: 19/19 MP: 0/0
   324 | D:1      | Reached XP level 2. HP: 26/26 MP: 1/1
   487 | D:1      | Reached skill level 5 in Unarmed Combat
   912 | D:2      | Reached XP level 3. HP: 26/31 MP: 2/2
  1406 | D:2      | Slain by an iguana

Vault maps used:
D:1:      saegor_arrival_simple_f, item_on_display_a
D:2:      first_bread, hangedman_decor_peaks_small
D:3:      nicolae_overflow_hidden_temple, okawaru_trees_1,
          overflow_temple_1_default, yredelemnul_altar_generic, st_stairs_7,
          uniq_sigmund

Action                   || total
-------------------------++-------
Melee: Unarmed           ||    79
  Use: Scroll            ||     4
 Stab: Sleeping          ||     3
  Eat: Chunk             ||     6
